 Dungeon Crawl Stone Soup version 0.28.0-53-g5a82cb258f (webtiles) character file.

Game seed: 8068928143242310799

3591 Jerry the Skirmisher (level 10, -2/82 HPs)
             Began as a Vine Stalker Fighter on July 30, 2022.
             Was a Believer of Uskayaw.
             Succumbed to a killer bee's poison
             ... on level 8 of the Dungeon.
             The game lasted 00:24:09 (7655 turns).

Jerry the Skirmisher (Vine Stalker Fighter)         Turns: 7655, Time: 00:24:10

Health: -2/82      AC: 25    Str: 19    XL:     10   Next: 10%
Magic:  2/21       EV:  2    Int:  8    God:    Uskayaw [**....]
Gold:   279        SH:  6    Dex: 20    Spells: 9/9 levels left

rFire   . . .      SeeInvis .   m - +3 rapier (freeze)
rCold   . . .      Faith    .   c - +0 buckler
rNeg    . . .      Spirit   +   (armour currently unavailable)
rPois   +          Reflect  .   (helmet currently unavailable)
rElec   .          Harm     .   (cloak currently unavailable)
rCorr   .          Rampage  .   (gloves currently unavailable)
Will    +....      NoTele   +   (boots currently unavailable)
Stlth   ++........              (no amulet)
HPRegen 1.83/turn               l - ring of magical power
MPRegen 0.17/turn               (no ring)

@: lethally poisoned (-2 -> -12), tree-form, studying Transmutations
A: stationary, stasis, torment immunity, boosted hp, (fangs 3), regeneration 2,
magic shield, (antimagic bite), no potion heal 2, (horns 1), agile 1
a: Renounce Religion, Stomp, Line Pass


You were on level 8 of the Dungeon.
You worshipped Uskayaw.
Uskayaw was noncommittal.
You were a tree.
You visited 2 branches of the dungeon, and saw 9 of its levels.
You also visited: Sewer.

You collected 376 gold pieces.
You spent 97 gold pieces at shops.

Inventory:

Hand Weapons
 m - a +3 rapier of freezing (weapon)
Missiles
 e - 10 poisoned darts (quivered)
Armour
 b - a +0 scale mail (melded)
 c - a +0 buckler (worn)
 n - a +0 helmet
 w - a +0 cloak (melded)
Jewellery
 l - a ring of magical power (left branch)
Wands
 j - a wand of flame (24)
Scrolls
 f - 5 scrolls of teleportation
 i - 2 scrolls of magic mapping
 r - a scroll of vulnerability {unknown}
 t - 2 scrolls of identify
 u - a scroll of immolation {unknown}
 v - a scroll of silence {unknown}
Potions
 a - a potion of magic
 d - 2 potions of might
 g - 2 potions of flight
 k - a potion of invisibility
 p - 2 potions of cancellation {unknown}
 q - 3 potions of curing {unknown}
 s - 4 potions of resistance {unknown}


   Skills:
 + Level 7.0 Fighting
 + Level 6.6 Short Blades
 + Level 6.4 Armour
 - Level 6.7 Shields
 + Level 2.0 Invocations


You had 9 spell levels left.
You didn't know any spells.
Your spell library contained the following spells:

 Spells                   Type           Power      Damage    Failure   Level
 Magic Dart               Conj           0%         1d3       50%         1
 Slow                     Hex            0%         N/A       50%         1
 Call Imp                 Summ           0%         N/A       63%         2
 Corpse Rot               Necr/Air       0%         N/A       63%         2
 Scorch                   Fire           0%         2d5       63%         2
 Searing Ray              Conj           0%         2d4       63%         2
 Confusing Touch          Hex            0%         N/A       86%         3
 Dazzling Flash           Conj/Hex       0%         N/A       86%         3
 Mephitic Cloud           Conj/Pois/Air  0%         N/A       86%         3
 Vampiric Draining        Necr           0%         2d6       86%         3
 Dispel Undead            Necr           0%         3d6       99%         4
 Flame Wave               Conj/Fire      0%         2d4       99%         4
 Fulminant Prism          Conj/Hex       0%         3d6       99%         4
 Iskenderun's Mystic Bla  Conj/Tloc      0%         2d3       99%         4
 Yara's Violent Unravell  Hex/Tmut       0%         3d3       100%        5
 Death Channel            Necr           0%         N/A       100%        6
 Starburst                Conj/Fire      0%         6d3       100%        6
 Summon Cactus Giant      Summ           0%         N/A       100%        6
 Enfeeble                 Hex            0%         N/A       100%        7


Dungeon Overview and Level Annotations

Branches:
Dungeon (8/15)             Temple (1/1) D:7           Sewer (visited)
   Lair: D:8-11

Altars:
Ashenzari
Cheibriados
Dithmenos
Elyvilon
Fedhas
Gozag
Hepliaklqana
Kikubaaqudgha
Makhleb
Nemelex Xobeh
Okawaru
Qazlal
Ru
Sif Muna
Trog
Uskayaw
Vehumet
Wu Jian
Xom
Yredelemnul
Zin
The Shining One

Shops:
D:3 *   D:7 [

Annotations:
D:3 3 runed translucent doors, ailorai's ghost, amateur NaWn


Innate Abilities, Weirdness & Mutations

You are a tree.
Your roots penetrate the ground, keeping you stationary.
You cannot be teleported.
You are immune to unholy pain and torment.
Your maximum health is greatly increased.
Your equipment is partially melded.
((You have razor-sharp teeth.))
You heal very quickly.
When hurt, damage is shared between your health and your magic reserves.
((Your bite disrupts and absorbs the magic of your enemies.))
Potions cannot restore your health.
((You have a pair of small horns on your head.))
You are agile. (Dex +2)


Message History

You kill the killer bee!
You feel very sick.
The killer bee stings you but does no damage.
You block the killer bee's attack. x2
The bullfrog hits you but does no damage.
The killer bee stings you.
You barely miss the bullfrog. You headbutt the bullfrog.
The bullfrog is lightly wounded.
You feel very sick. The killer bee stings you.
You block the killer bee's attack. You block the bullfrog's attack.
The killer bee closely misses you.
The killer bee stings you but does no damage.
You puncture the bullfrog!
The bullfrog seems to slow down.
You freeze the bullfrog.
You kill the bullfrog!
You feel very sick. The killer bee closely misses you.
You block the killer bee's attack. The killer bee misses you.
You block the killer bee's attack. The killer bee stings you!
* * * LOW HITPOINT WARNING * * *
You can now pass through a line of other dancers.
Your Invocations skill increases to level 2!
You closely miss the killer bee. Your headbutt misses the killer bee.
Your bite misses the killer bee.
You feel sick. The killer bee stings you.
* * * LOW HITPOINT WARNING * * *
The killer bee stings you but does no damage.
The killer bee barely misses you. The killer bee stings you!
* * * LOW HITPOINT WARNING * * *
You are lethally poisoned!
The killer bee poisons you!
The killer bee stings you but does no damage.
The killer bee stings you.
* * * LOW HITPOINT WARNING * * *
You are more poisoned.
The killer bee poisons you!
Really quaff the potion of lignification?
You turn into a tree.
Your +0 cloak melds into your body.
Your +0 scale mail melds into your body.
Your roots penetrate the ground.
You die...

....##......................#
.....#...........#..........#
..#..............#....####.##
.................#...## ##
...#.#...............#
##...#.....#....#
#...#.....###.##
#....=...y###.#
#.........y♣####
............y##
.............#
..##........... .
....#.........
.....##.######## [.... ###


You could see 3 killer bees.

Vanquished Creatures
  A boulder beetle (D:6)
  A centaur zombie (D:8)
  Eustachio (D:4)
  A water moccasin (D:7)
  A sky beast (D:5)
  Duvessa (D:7)
  An orc warrior (D:7)
  An ice beast (D:7)
  A black bear (D:7)
  2 ogres
  2 centaurs
  A phantom (D:5)
  3 bullfrogs
  2 scorpions
  Dowan (D:7)
  A killer bee (D:8)
  4 wights (D:7)
  A howler monkey (D:7)
  Crazy Yiuf (D:7)
  3 hounds
  A jelly (D:6)
  3 orc priests (D:7)
  A centaur skeleton (D:7)
  2 iguanas
  9 orc wizards
  2 hound zombies (D:5)
  3 gnolls (D:3)
  3 river rats
  13 adders
  3 white imps
  6 worms
  A dart slug (D:2)
  26 orcs
  8 endoplasms
  2 giant cockroaches
  2 goblins
  8 hobgoblins
  7 quokkas
  14 ball pythons
  6 bats
  6 frilled lizards
  8 kobolds
  38 rats
202 creatures vanquished.

Vanquished Creatures (others)
  3 plants (D:5)
3 creatures vanquished.

Grand Total: 205 creatures vanquished

Notes
Turn   | Place    | Note
-------+----------+-------------------------------------------
     0 | D:1      | Jerry the Vine Stalker Fighter began the quest for the Orb.
     0 | D:1      | Reached XP level 1. HP: 11/11 MP: 2/2
   179 | D:1      | Reached XP level 2. HP: 15/16 MP: 3/3
   656 | D:1      | Reached XP level 3. HP: 19/19 MP: 4/4
   658 | D:1      | Reached skill level 3 in Fighting
  1427 | D:2      | Gained mutation: Your natural rate of healing is unusually
                  | fast. [Vine Stalker growth]
  1427 | D:2      | Reached XP level 4. HP: 20/24 MP: 5/5
  1741 | D:2      | Found a burning altar of Makhleb.
  1921 | D:3      | Noticed ailorai's ghost (amateur NaWn)
  1922 | D:3      | Noticed a water moccasin
  1931 | D:3      | Found a runed translucent gate.
  1931 | D:3      | Found a runed translucent gate.
  1932 | D:3      | Found a runed translucent gate.
  2060 | D:3      | Found a glowing drain.
  2082 | Sewer    | Entered a sewer
  2155 | Sewer    | Reached XP level 5. HP: 19/28 MP: 4/6
  2183 | Sewer    | HP: 1/28 [poisoned by an adder]
  2423 | Sewer    | Reached XP level 6. HP: 26/33 MP: 5/7
  2546 | D:3      | Reached skill level 4 in Fighting
  2577 | D:3      | Found a faded altar of an unknown god.
  2818 | D:3      | Found Vineketh's General Store.
  2821 | D:3      | Bought a scroll of enchant weapon for 97 gold pieces
  3173 | D:4      | Reached XP level 7. HP: 37/37 MP: 8/8
  3553 | D:4      | Found a basalt altar of Yredelemnul.
  3553 | D:4      | Found an iron altar of Okawaru.
  3691 | D:4      | Noticed Eustachio
  3698 | D:4      | Killed Eustachio
  3861 | D:5      | Entered Level 5 of the Dungeon
  3977 | D:5      | Gained mutation: You have razor-sharp teeth. [Vine Stalker
                  | growth]
  3977 | D:5      | Reached XP level 8. HP: 18/42 MP: 2/9
  4118 | D:5      | Reached skill level 5 in Shields
  4204 | D:5      | Reached skill level 5 in Fighting
  5508 | D:7      | Noticed a boulder beetle
  5555 | D:6      | Killed a boulder beetle
  5556 | D:6      | Reached skill level 6 in Fighting
  5556 | D:6      | Reached skill level 5 in Short Blades
  5556 | D:6      | Reached skill level 5 in Armour
  5556 | D:6      | Reached XP level 9. HP: 11/48 MP: 4/10
  5701 | D:7      | Found a staircase to the Ecumenical Temple.
  5706 | D:7      | Noticed Dowan
  5882 | D:7      | Noticed Duvessa
  5905 | D:7      | Killed Duvessa
  5928 | D:7      | Killed Dowan
  5973 | Temple   | Entered the Ecumenical Temple
  6410 | Temple   | Became a worshipper of Uskayaw the Reveller
  6594 | D:7      | Reached * piety under Uskayaw
  6598 | D:7      | Reached ** piety under Uskayaw
  7060 | D:7      | Found a runed translucent door.
  7061 | D:7      | Noticed Crazy Yiuf
  7067 | D:7      | Killed Crazy Yiuf
  7209 | D:7      | Gained mutation: You have a pair of small horns on your
                  | head. [potion of mutation]
  7209 | D:7      | Gained mutation: You are agile. (Dex +2) [potion of
                  | mutation]
  7209 | D:7      | Gained mutation: You heal very quickly. [potion of
                  | mutation]
  7323 | D:7      | Found Luboush's Armour Boutique.
  7448 | D:7      | Reached *** piety under Uskayaw
  7561 | D:8      | Reached skill level 7 in Fighting
  7561 | D:8      | Reached skill level 1 in Invocations
  7561 | D:8      | Reached XP level 10. HP: 43/55 MP: 12/12
  7654 | D:8      | HP: 2/55 [killer bee (4)]
  7655 | D:8      | Succumbed to a killer bee's poison

Illustrated notes

Levels and vault maps discovered:
D:1:      evilmike_arrival_crescent, layout_basic, minmay_pentomino_u2
D:2:      minmay_spotlight, layout_basic, basic_altar, minmay_rat_gold_closets
D:3:      layout_loops_ring, serial_aquarium, aquarium_bridge_straight
          [aquarium_subvault_bridge, aquarium_subvault_wall,
          aquarium_subvault_bridge, aquarium_subvault_window],
          aquarium_window_2, aquarium_window_corner, aquarium_window_fake,
          aquarium_window_fake, aquarium_view_2b, gammafunk_ghost_split,
          chequers_ecumenical_altar_simple_redux, serial_shops,
          nicolae_shop_behind_doors, portal_sewer_entry_b, dk_noncrumbling_4,
          kennysheep_generic_room_9
D:4:      layout_basic, mainiacjoe_overflow_divided_tiny, uniq_eustachio
D:5:      layout_rooms, serial_bayou, serial_bayou_shore_b, serial_bayou_pond_e,
          serial_bayou_pond_a, serial_bayou_pond_a, serial_bayou_pond_b,
          lemuel_flame_loot_1
D:6:      layout_basic, hangedman_decor_riveting
D:7:      layout_basic, minmay_temple_entry_drinking_statues, serial_shops,
          nicolae_shop_crystal, minmay_manual_maat, uniq_duvessa,
          uniq_crazy_yiuf_cottage
D:8:      layout_cave_pools, lemuel_flamethrower_2
Temple:   mainiacjoe_temple_big_plus

Skill      XL: |  1  2  3  4  5  6  7  8  9 10 |
---------------+-------------------------------+-----
Short Blades   | 2 3 4 5 6 |  6.6
Shields        | 3 4 6 |  6.7
Fighting       | 3 4 6 7 |  7.0
Armour         | 3 4 5 6 |  6.4
Invocations    | 1 2 |  2.0

Action                   |  1- 3 |  4- 6 |  7- 9 | 10-12 || total
-------------------------+-------+-------+-------+-------++-------
Melee: Rapier            |    93 |   209 |   292 |    12 ||   606
       Bite              |    21 |    51 |    89 |       ||   161
       Headbutt          |       |       |     9 |     2 ||    11
  Use: Scroll            |       |    10 |     5 |       ||    15
       Potion            |       |     4 |     3 |     1 ||     8
 Stab: Invisible         |       |     6 |       |       ||     6
       Paralysed         |       |       |     1 |       ||     1
Armor: Scale mail        |    28 |   103 |    88 |    14 ||   233
Dodge: Dodged            |    33 |   121 |    82 |    18 ||   254
Block: Buckler           |    11 |    62 |    72 |    15 ||   160
